AoeStats
← El sin team Hoffmann

Black Forest

509508739Analyzed
2v2 RM · 6d ago on Sep 27, 2026· 74m 16s· 4 players
Game mode
Random Map
Map size
Medium (4 player)
Population
200
Speed
Normal
Resources
Standard
Victory
Conquest
Starting age
Dark Age
Ending age
Imperial Age
RankedLock teamsTeams togetherTeam positionsShared explorationLock speedFull tech treeHidden civsTurbo modeCheats
Victory
Defeat
🇨🇱 Bulgarians · Chile
1256
+14
🇨🇱 Teutons · Chile
1239
+14
🇺🇸 Romans · United States
1207
-14
🇺🇸 Varangians · United States
1206
-14
shingo87
0:27 Loom
13:18 Feudal Age
23:28 Castle Age
22:03 Double-Bit Axe
22:53 Horse Collar
25:54 Bow Saw
27:17 Wheelbarrow
30:24 Town Watch
31:33 Gold Mining
38:00 Forging
47:13 Bloodlines
61:29 Scale Barding Armor
64:49 Chain Barding Armor
68:15 Iron Casting
joker
1:02 Loom
12:12 Feudal Age
12:33 Man-at-Arms
14:33 Horse Collar
20:39 Castle Age
19:13 Scale Mail Armor
23:46 Wheelbarrow
26:57 Heavy Plow
27:35 Double-Bit Axe
32:51 Imperial Age
30:53 Chain Mail Armor
30:49 Forging
31:29 Pikeman
32:20 Scale Barding Armor
32:06 Long Swordsman
34:14 Bow Saw
34:53 Iron Casting
36:08 Gold Mining
37:52 Blast Furnace
38:11 Chain Barding Armor
39:16 Chemistry
38:38 Ballistics
38:30 Ballistas
38:46 Conscription
39:14 Siege Engineers
40:46 Gold Shaft Mining
40:53 Plate Barding Armor
40:21 Squires
41:48 Legionary
42:52 Light Cavalry
43:43 Bloodlines
43:34 Husbandry
42:55 Cavalier
44:12 Halberdier
46:48 Heavy Scorpion
51:02 Comitatenses
55:06 Capped Ram
56:50 Siege Ram
62:25 Caravan
69:44 Murder Holes
El sin team Hoffmann
0:41 Loom
12:01 Feudal Age
13:20 Double-Bit Axe
17:39 Castle Age
21:07 Horse Collar
24:31 Bow Saw
28:01 Wheelbarrow
27:38 Scale Mail Armor
27:58 Caravan
28:22 Gold Mining
30:03 Forging
34:10 Imperial Age
31:42 Town Watch
32:20 Hand Cart
32:13 Heavy Plow
33:10 Iron Casting
32:57 Chain Mail Armor
34:19 Elite Teutonic Knight
35:20 Conscription
37:23 Chemistry
36:44 Ballistics
37:20 Plate Mail Armor
37:56 Blast Furnace
37:18 Stone Mining
39:57 Two-Man Saw
42:52 Fletching
43:02 Padded Archer Armor
43:40 Elite Skirmisher
44:19 Bodkin Arrow
44:40 Leather Archer Armor
46:11 Ring Archer Armor
50:03 Crenellations
50:25 Hoardings
54:02 Town Patrol
59:29 Bloodlines
59:26 Scale Barding Armor
61:17 Chain Barding Armor
63:14 Plate Barding Armor
65:24 Crop Rotation
Sir Labrop
6:39 Loom
11:55 Feudal Age
12:22 Arson
18:09 Horse Collar
19:13 Scale Mail Armor
26:00 Castle Age
25:02 Double-Bit Axe
26:25 Forging
28:19 Iron Casting
27:53 Fletching
30:00 Padded Archer Armor
29:59 Stone Mining
30:17 Bodkin Arrow
32:12 Wheelbarrow
32:43 Squires
39:49 Bow Saw
39:49 Heavy Plow
44:29 Imperial Age
44:09 Scale Barding Armor
45:25 Elite Konnik
46:49 Chain Mail Armor
47:02 Caravan
47:16 Gambesons
48:07 Plate Mail Armor
51:48 Blast Furnace
51:40 Chain Barding Armor
52:01 Hand Cart
53:57 Pikeman
55:43 Light Cavalry
56:34 Bloodlines
57:25 Conscription
57:23 Husbandry
56:44 Hussar
63:11 Halberdier
65:02 Plate Barding Armor
65:11 Ballistics
67:46 Crop Rotation
67:53 Bracer
70:09 Stirrups
70:08 Town Watch
Connection lost

Rejoining the realm…

Still unreachable

The connection could not be restored.

Session expired

The server has moved on; the page needs a fresh start.